 Dungeon Crawl Stone Soup version 0.31-a0-232-gb1c03b2570 (webtiles) character file.

Game seed: 4021294142939461652

53 qw the Shooter (level 3, -2/29 HPs)
             Began as a Minotaur Hexslinger on July 7, 2023.
             Slain by Terence
             ... wielding a +0 mace
              (6 damage)
             ... on level 3 of the Dungeon.
             The game lasted 00:00:34 (1141 turns).

qw the Shooter (Minotaur Hexslinger)                Turns: 1141, Time: 00:00:34

Health: -2/29      AC:  3    Str: 12    XL:     3   Next: 62%
Magic:  3/3        EV: 12    Int: 10    God:
Gold:   105        SH:  0    Dex: 14    Spells: 3/4 levels left

rFire   . . .        Y - +1 sling
rCold   . . .        (no shield)
rNeg    . . .        g - +0 leather armour
rPois   .            (helmet restricted)
rElec   .            (no cloak)
rCorr   .            (no gloves)
SInv    .            (no boots)
Will    .....        (no amulet)
Stlth   +            (no ring)
HPRegen 0.24/turn    (no ring)
MPRegen 0.08/turn

%: no passive effects
@: about to teleport
A: horns 2, retaliatory headbutt
a: no special abilities


You were on level 3 of the Dungeon.
You visited 1 branch of the dungeon, and saw 3 of its levels.

You collected 105 gold pieces.


Innate Abilities, Weirdness & Mutations

You have a pair of horns on your head.
You reflexively headbutt those who attack you in melee.


   Skills:
 - Level 2.0 Fighting
 + Level 4.2 Ranged Weapons
 - Level 2.1 Dodging
 - Level 1.0 Spellcasting
 - Level 2.0 Hexes


You had 3 spell levels left.
You knew the following spells:

 Your Spells              Type           Power      Damage    Failure   Level
a - Slow                  Hex            16%        N/A       19%         1

Your spell library contained the following spells:

 Spells                   Type           Power      Damage    Failure   Level
 Inner Flame              Hex/Fire       2%         N/A       65%         3
 Portal Projectile        Hex/Tloc       4%         N/A       65%         3
 Cause Fear               Hex            2%         N/A       88%         4

Inventory:

Hand Weapons
 Y - a +1 sling (weapon)
Armour
 c - a +0 pair of boots
 g - a +0 leather armour (worn)
Scrolls
 a - a scroll of enchant armour
 h - a scroll of identify
Potions
 e - a potion of attraction {unknown}
 f - a potion of curing {unknown}

Dungeon Overview and Level Annotations

Branches:
Dungeon (3/15)

Altars:

Annotations:
D:3 Terence


Message History

Terence is lightly wounded.
Terence hits you with a +0 mace.
You shoot a sling bullet. The sling bullet barely misses Terence.
The frilled lizard bites you. Terence hits you with a +0 mace.
You shoot a sling bullet.
The sling bullet hits Terence but does no damage.
Terence is lightly wounded.
The frilled lizard misses you. Terence hits you with a +0 mace.
The frilled lizard bites you but does no damage.
Terence hits you with a +0 mace.
You shoot a sling bullet. The sling bullet barely misses Terence.
The frilled lizard misses you. Terence closely misses you.
You shoot a sling bullet. The sling bullet hits Terence.
Terence is moderately wounded.
The frilled lizard hisses.
The frilled lizard bites you but does no damage.
Terence barely misses you. You furiously retaliate!
You headbutt Terence. You shoot a sling bullet. The sling bullet hits Terence.
Terence is heavily wounded.
The frilled lizard bites you. Terence hits you with a +0 mace!
1138 ||| READING scroll of teleportation.
As you read the scroll of teleportation, it crumbles to dust.
You feel strangely unstable. The frilled lizard barely misses you.
You furiously retaliate!
You headbutt the frilled lizard.
You kill the frilled lizard!
Terence barely misses you.
You shoot a sling bullet.
The sling bullet hits Terence but does no damage.
Terence is heavily wounded.
Terence closely misses you. You furiously retaliate!
You headbutt Terence. Terence barely misses you.
You shoot a sling bullet. The sling bullet hits Terence.
Terence is severely wounded.
Terence hits you with a +0 mace.
You shoot a sling bullet.
The sling bullet hits Terence but does no damage.
Terence is severely wounded.
Terence hits you with a +0 mace.
You die...

... .. #.# #.. .# .# ...
#.# #.....### .# ... #.#
#.#..... .# $... #.#
#.#...# .#....< #.#
#.#...# .#.....
#.###.#...# #####.......
..........###.(.........
......#.........@%#
..........###.#..@#
#####.#...##....#......
#.#...##..###......
#.#...#...###.......
#.#.........%.......
#####.##..>.#.###.......
...##.##........ .......
...##.##.#.##.###


You could see Terence.

Vanquished Creatures
  An adder (D:2)
  2 adder skeletons (D:2)
  A worm (D:2)
  2 dart slugs
  3 bats
  2 endoplasms (D:2)
  2 giant cockroaches
  2 goblins
  3 hobgoblins
  2 jackals (D:1)
  2 kobolds
  2 quokkas
  2 ball pythons
  3 frilled lizards
  A rat (D:2)
30 creatures vanquished.

Notes
Turn   | Place    | Note
-------+----------+-------------------------------------------
     0 | D:1      | qw the Minotaur Hexslinger began the quest for the Orb.
     0 | D:1      | Reached XP level 1. HP: 16/16 MP: 1/1
     0 | D:1      | 0 ||| qw: Version: 0.3-a-46-gb1f654a
     0 | D:1      | 0 ||| qw: Game counter: 2445
     0 | D:1      | 0 ||| qw: Melee chars always use a shield: true
     0 | D:1      | 0 ||| qw: God list: Okawaru
     0 | D:1      | 0 ||| qw: Allow faded altars: false
     0 | D:1      | 0 ||| qw: Do Orc after clearing Dungeon:15 true
     0 | D:1      | 0 ||| qw: Do second Lair branch before Depths: true
     0 | D:1      | 0 ||| qw: Lair rune preference: random
     0 | D:1      | 0 ||| qw: Goals: Normal
     0 | D:1      | 0 ||| PLANNING D:1-11
   277 | D:1      | Reached skill level 3 in Ranged Weapons
   277 | D:1      | Reached XP level 2. HP: 12/23 MP: 2/2
   499 | D:1      | 499 ||| UPGRADING to +0 leather armour.
   509 | D:1      | 509 ||| DROPPING +0 robe.
   510 | D:1      | 510 ||| READING 2 scrolls labelled WALENI XOLU.
   511 | D:1      | 511 ||| READING scroll labelled XOGONO LEKKU.
   512 | D:1      | 512 ||| READING scroll labelled NIBAEN HYOSK.
   513 | D:1      | 513 ||| READING 2 scrolls labelled FUVECO FIUBB.
   514 | D:1      | 514 ||| DROPPING scroll of poison.
   733 | D:2      | Found a faded altar of an unknown god.
   758 | D:2      | Reached XP level 3. HP: 26/29 MP: 3/3
   833 | D:2      | Reached skill level 4 in Ranged Weapons
   999 | D:2      | 999 ||| READING 2 scrolls labelled HEOPOUTHOT.
  1003 | D:2      | 1003 ||| READING scroll labelled ELULOLEAPY.
  1004 | D:2      | 1004 ||| READING 2 scrolls of identify.
  1004 | D:2      | 1004 ||| IDENTIFYING ruby potion
  1005 | D:2      | 1005 ||| DROPPING potion of magic.
  1125 | D:3      | Noticed Terence
  1137 | D:3      | HP: 6/29 [Terence/+0 mace (7)]
  1138 | D:3      | 1138 ||| READING scroll of teleportation.
  1141 | D:3      | Slain by Terence

Levels and vault maps discovered:
D:1:      lemuel_arrival_broad_hall, layout_rooms
D:2:      layout_rooms, serial_undead, serial_undead_c, serial_undead_f,
          serial_undead_f, serial_undead_c, basic_ecumenical_altar
D:3:      layout_basic, serial_shops, shop, minmay_pentomino_pile, uniq_terence,
          uniq_grinder

Skill      XL: |  1  2  3 |
---------------+----------+-----
Ranged Weapons | 3 4 |  4.2
Fighting       | 2 |  2.0
Dodging        | |  2.1
Spellcasting   | |  1.0
Hexes          | |  2.0

Action                     || total
---------------------------++-------
   Fire: Sling             ||   122
    Use: Scroll            ||     8
 Armour: Robe              ||     4
         Leather armour    ||     6
  Dodge: Dodged            ||    34

Table legend:
 A = Non-vault XP
 B = Vault XP
 C = Vault XP percentage of total XP
 D = Non-vault monster count
 E = Vault monster count
 F = Vault count percentage of total count
                 A         B        C        D         E       F
            +---------+---------+-------+---------+---------+-------
      Total |      66 |      10 |  13.2 |      28 |       2 |   6.7
            +---------+---------+-------+---------+---------+-------
        D:1 |      14 |       0 |   0.0 |       8 |       0 |   0.0
        D:2 |      44 |      10 |  18.5 |      16 |       2 |  11.1
        D:3 |       8 |       0 |   0.0 |       4 |       0 |   0.0
            +---------+---------+-------+---------+---------+-------
